 Dungeon Crawl Stone Soup version 0.28-a0-622-gbaef9634d7 (webtiles) character file.

Game seed: 5485421877309672086

241 Irenicus the Grave Robber (level 5, -1/42 HPs)
             Began as a Deep Dwarf Earth Elementalist on Oct 7, 2021.
             Slain by a bullfrog (3 damage)
             ... in a sewer.
             The game lasted 00:21:11 (2010 turns).

Irenicus the Grave Robber (DDEE)                    Turns: 2010, Time: 00:21:11

Health: -1/42      AC:  3    Str: 12    XL:     5   Next: 80%
Magic:  1/8        EV: 12    Int: 16    God:
Gold:   151        SH:  0    Dex: 19    Spells: 1/8 levels left

rFire   . . .      SeeInvis .   a - +0 short sword
rCold   . . .      Faith    .   (no shield)
rNeg    . . .      Spirit   .   l - +0 leather armour
rPois   .          Reflect  .   (no helmet)
rElec   .          Harm     .   (no cloak)
rCorr   .          Rampage  .   (no gloves)
Will    .....                   (no boots)
Stlth   ++........              (no amulet)
HPRegen 0.00/turn               D - +6 ring of dexterity
MPRegen 0.11/turn               L - ring of flight

@: flying
A: damage resistance, heal wounds, sense surroundings 1, no regeneration
a: Heal Wounds


You were in a sewer.
You visited 1 branch of the dungeon, and saw 4 of its levels.
You also visited: Sewer.

You collected 151 gold pieces.


Innate Abilities, Weirdness & Mutations

You are resistant to damage.
You can heal yourself by infusing magical energy.
You passively map a small area around you.
You do not regenerate.


   Skills:
 - Level 2.1 Dodging
 - Level 2.4 Stealth
 - Level 2.0 Spellcasting
 + Level 6.2 Necromancy
 - Level 0.8 Transmutations
 - Level 4.0 Earth Magic


You had one spell level left.
You knew the following spells:

 Your Spells              Type           Power      Damage    Failure   Level
t - Pain                  Necr           84%        1d8       1%          1
v - Vampiric Draining     Necr           10%        2d7       6%          3
w - Passwall              Tmut/Erth      7%         N/A       14%         2
z - Sandblast             Erth           28%        2d8       4%          1

Your spell library contained the following spells:

 Spells                   Type           Power      Damage    Failure   Level
 Animate Skeleton         Necr           42%        N/A       1%          1
 Stone Arrow              Conj/Erth      16%        3d8       34%         3
 Call Canine Familiar     Summ           1%         N/A       61%         3
 Portal Projectile        Hex/Tloc       2%         N/A       61%         3
 Petrify                  Tmut/Erth      9%         N/A       67%         4
 Leda's Liquefaction      Hex/Erth       4%         N/A       75%         4

Inventory:

Hand Weapons
 a - a +0 short sword (weapon)
Missiles
 c - 48 stones
Armour
 l - a +0 leather armour (worn)
Jewellery
 D - a +6 ring of dexterity (left hand)
 L - a ring of flight (right hand)
Potions
 d - a potion of haste {@q3}
 f - a potion of curing {@q1}
 g - a potion of mutation
 j - a potion of attraction

Dungeon Overview and Level Annotations

Branches:
Dungeon (4/15)              Sewer (1/1)
 Temple: D:4-7

Altars:

▒≈≈≈▒▒▒≈≈≈▒▒▒≈≈≈≈▒
▒▒≈≈▒▒≈≈≈≈≈≈≈▒▒≈†≈▒
▒▒≈≈▒▒≈≈≈.≈≈.≈≈▒▒.≈▒▒
▒≈≈≈≈≈≈≈.≈≈≈.≈≈≈▒≈≈.▒
▒≈≈≈≈≈▒▒▒▒▒▒▒≈≈≈▒▒.≈▒
▒▒▒▒▒▒▒≈▒▒▒.≈.≈≈▒▒≈.≈▒≈≈▒
▒≈≈≈≈≈▒▒▒l≈≈≈≈.≈≈▒▒†≈▒≈≈≈
▒≈≈≈≈≈▒.rFl.≈≈.≈≈≈▒≈≈▒▒≈≈
▒≈≈≈..▒.@▒▒≈.S..≈≈▒▒.≈▒≈≈
▒≈≈▒.≈▒≈.▒≈≈r??$.≈≈▒≈≈▒≈≈
▒≈≈▒≈≈▒≈≈▒≈F≈F[..≈≈▒≈≈▒†≈
▒.≈▒†▒▒≈≈▒≈≈≈≈.[≈≈≈▒≈≈▒†≈
▒≈≈▒.▒≈≈†▒≈≈lJ≈.≈≈≈▒≈≈▒..
▒.≈▒≈▒∩≈†▒≈≈≈≈≈≈≈≈≈▒≈≈▒.≈
▒≈≈▒.▒≈≈.▒▒≈≈≈≈≈≈≈▒▒≈≈▒≈≈
▒†≈▒†▒▒▒.†▒≈≈,≈≈≈≈▒.≈▒▒≈≈
▒.≈▒≈≈≈▒≈≈▒▒≈≈,≈≈▒▒≈.▒≈≈≈


You could see a bullfrog, a quokka and 2 frilled lizards.


Message History

The quokka bites you but does no damage.
The bullfrog misses you. The quokka bites you.
* * * LOW HITPOINT WARNING * * *
The bullfrog barely misses you.
Unknown command.
Okay, then.
You hit the bullfrog but do no damage.
The bullfrog is moderately wounded.
The bullfrog closely misses you. The quokka bites you.
* * * LOW HITPOINT WARNING * * *
Unknown command.
Okay, then.
You aren't carrying any items that you can evoke.
You hit the bullfrog.
The bullfrog is heavily wounded.
The bullfrog hits you.
* * * LOW HITPOINT WARNING * * *
The quokka bites you but does no damage.
The bullfrog hits you but does no damage.
You hit the bullfrog.
The bullfrog is severely wounded.
The quokka bites you.
* * * LOW HITPOINT WARNING * * *
The bullfrog hits you but does no damage.
The quokka barely misses you. The bullfrog hits you!
* * * LOW HITPOINT WARNING * * *
Use which ability? (? or * to list)
You fail to use your ability.
The bullfrog hits you.
You die...

Skill      XL: |  1  2  3  4  5 |
---------------+----------------+-----
Necromancy     | 1 3 5 6 |  6.2
Spellcasting   | 2 |  2.0
Dodging        | |  2.1
Stealth        | |  2.4
Transmutations | |  0.8
Earth Magic    | |  4.0

Action                   |  1- 3 |  4- 6 || total
-------------------------+-------+-------++-------
Melee: Unarmed           |    53 |       ||    53
       Short sword       |    53 |   158 ||   211
 Cast: Sandblast         |    18 |     9 ||    27
       Pain              |    47 |    13 ||    60
       Passwall          |     1 |       ||     1
       Vampiric Draining |       |    11 ||    11
 Abil: Heal Wounds       |     1 |       ||     1
  Use: Scroll            |     5 |     2 ||     7
       Potion            |       |     4 ||     4
 Stab: Sleeping          |     4 |       ||     4
Armor: Robe              |    19 |       ||    19
       Leather armour    |     2 |    52 ||    54
Dodge: Dodged            |   100 |   150 ||   250

Levels and vault maps discovered:
D:1:      onia_arrival_mini_spirals, layout_basic,
          dilly_ecumenical_altar_fadedgnrine, kennysheep_decorative_pillar
D:2:      layout_loops_cross
D:3:      layout_loops_cross, roderic_cross_of_infinity
D:4:      layout_basic, portal_sewer_entry_f, dk_noncrumbling_3, nzn_random_ring
Sewer:    sewer_frog_island_02

Notes
Turn   | Place    | Note
-------+----------+-------------------------------------------
     0 | D:1      | Irenicus the Deep Dwarf Earth Elementalist began the quest
                  | for the Orb.
     0 | D:1      | Reached XP level 1. HP: 15/15 MP: 3/3
    41 | D:1      | Learned a level 1 spell: Pain
   100 | D:1      | Reached skill level 1 in Necromancy
   145 | D:1      | Reached XP level 2. HP: 22/22 MP: 0/4
   152 | D:1      | Reached skill level 2 in Necromancy
   437 | D:1      | Found a faded altar of an unknown god.
   513 | D:1      | Learned a level 2 spell: Passwall
   559 | D:2      | Reached skill level 3 in Necromancy
   559 | D:2      | Reached XP level 3. HP: 21/28 MP: 0/5
  1321 | D:3      | Reached skill level 2 in Spellcasting
  1493 | D:4      | Found a glowing drain.
  1541 | Sewer    | Entered a sewer
  1549 | Sewer    | Reached XP level 4. HP: 17/36 MP: 0/7
  1553 | Sewer    | Learned a level 3 spell: Vampiric Draining
  1582 | Sewer    | Reached skill level 4 in Necromancy
  1804 | Sewer    | Reached skill level 5 in Necromancy
  1837 | Sewer    | Reached XP level 5. HP: 27/42 MP: 1/8
  2006 | Sewer    | Reached skill level 6 in Necromancy
  2009 | Sewer    | HP: 2/42 [bullfrog (6)]
  2010 | Sewer    | Slain by a bullfrog

Vanquished Creatures
  A bullfrog (Sewer)
  6 adders (Sewer)
  A dart slug (D:1)
  4 bats
  18 endoplasms
  9 giant cockroaches
  2 hobgoblins (D:1)
  11 jackals
  6 kobolds
  13 quokkas
  21 ball pythons
  13 frilled lizards
  A goblin (D:1)
  3 rats
109 creatures vanquished.

Table legend: (Time is in decaauts)
 A = Elapsed time spent in this place.
 B = Non-inter-level travel time spent in this place.
 C = Inter-level travel time spent in this place.
 D = Time resting spent in this place.
 E = Time spent auto-exploring this place.
 F = Levels seen in this place.
 G = Mean time per level.
                   A        B        C        D        E       F      G
               +--------+--------+--------+--------+--------+-----+--------+
         Total |   2108 |   2085 |     23 |      0 |      0 |   5 |  421.6 |
       Dungeon |   1547 |   1524 |     23 |      0 |      0 |   4 |  386.8 |
         Sewer |    561 |    561 |      0 |      0 |      0 |   1 |  561.0 |
               +--------+--------+--------+--------+--------+-----+--------+

Top non-repeatable levels by time:
   Sewer: 561 daAuts
     D:1: 541 daAuts
     D:2: 470 daAuts
     D:3: 466 daAuts
     D:4: 69 daAuts

Table legend:
 A = Non-vault XP
 B = Vault XP
 C = Vault XP percentage of total XP
 D = Non-vault monster count
 E = Vault monster count
 F = Vault count percentage of total count
                 A         B        C        D         E       F
            +---------+---------+-------+---------+---------+-------
      Total |      73 |     272 |  78.8 |      42 |      67 |  61.5
            +---------+---------+-------+---------+---------+-------
        D:1 |      39 |       0 |   0.0 |      22 |       0 |   0.0
        D:2 |      20 |       0 |   0.0 |      12 |       0 |   0.0
        D:3 |      14 |       0 |   0.0 |       8 |       0 |   0.0
        D:4 |       0 |      10 | 100.0 |       0 |       5 | 100.0
      Sewer |       0 |     262 | 100.0 |       0 |      62 | 100.0
            +---------+---------+-------+---------+---------+-------
